 Dungeon Crawl Stone Soup version 0.28.0-45-g0d030f2227 (webtiles) character file.

Game seed: 17661459195426116320

3689 seaoflcl the Covered (level 10, 0/77 HPs)
             Began as a Human Fighter on Apr 23, 2022.
             Was a Believer of Nemelex Xobeh.
             Slain by a two-headed ogre
             ... wielding a +0 giant club
              (6 damage)
             ... on level 11 of the Dungeon on Apr 24, 2022.
             The game lasted 00:21:25 (11630 turns).

seaoflcl the Covered (Human Fighter)               Turns: 11630, Time: 00:21:27

Health: 0/77       AC: 21    Str: 21    XL:     10   Next: 35%
Magic:  10/10      EV:  7    Int:  8    God:    Nemelex Xobeh [**....]
Gold:   566        SH: 11    Dex: 19    Spells: 9/9 levels left

rFire   . . .      SeeInvis .   a - +2 mace (protect)
rCold   + . .      Faith    .   z - +0 kite shield
rNeg    . . .      Spirit   .   w - +0 chain mail
rPois   .          Reflect  .   k - +2 hat
rElec   .          Harm     .   (no cloak)
rCorr   .          Rampage  .   t - +0 pair of gloves
Will    .....                   (no boots)
Stlth   ..........              (no amulet)
HPRegen 0.22/turn               e - ring of protection from cold
MPRegen 0.12/turn               v - +6 ring of dexterity

@: under a protective aura
A: no striking features
a: Renounce Religion, Draw Escape, Draw Destruction, Draw Summoning


You were on level 11 of the Dungeon.
You worshipped Nemelex Xobeh.
Nemelex Xobeh was pleased with you.
You visited 2 branches of the dungeon, and saw 11 of its levels.

You collected 626 gold pieces.
You spent 60 gold pieces at shops.

Inventory:

Hand Weapons
 a - a +2 mace of protection (weapon)
 b - a +0 vorpal hunting sling
 g - a +0 rapier
 m - a +2 dagger of venom
Missiles
 i - 58 sling bullets
Armour
 c - the +5 ring mail of Lessuise {rElec rF- Str+4 Int+3}
   (You found it on level 7 of the Dungeon)

   Str:       It affects your strength (+4).
   Int:       It affects your intelligence (+3).
   rF:        It makes you vulnerable to fire.
   rElec:     It insulates you from electricity.
 k - a +2 hat (worn)
 t - a +0 pair of gloves (worn)
 w - a +0 chain mail (worn)
 z - a +0 kite shield (worn)
 A - the +0 ring mail of Subjectivity {rPois rN+ Dex+2}
   (You found it on level 5 of the Dungeon)

   Dex:       It affects your dexterity (+2).
   rPois:     It protects you from poison.
   rN:        It protects you from negative energy.
Jewellery
 e - a ring of protection from cold (left hand)
 u - a ring of ice
 v - a +6 ring of dexterity (right hand)
Wands
 n - a wand of acid (11)
 o - a wand of polymorph (21)
 y - a wand of flame (22)
Scrolls
 d - 2 scrolls of brand weapon
 f - 2 scrolls of vulnerability
 h - a scroll of enchant armour
 l - 4 scrolls of teleportation
 p - 4 scrolls of blinking
 q - 2 scrolls of fog
 r - a scroll of immolation
 s - a scroll of amnesia
 x - 2 scrolls of torment
 B - a scroll of magic mapping
Potions
 j - a potion of cancellation
 C - 2 potions of curing


   Skills:
 * Level 6.9 Fighting
 - Level 3.3 Short Blades
 - Level 6.3 Maces & Flails
 - Level 1.2 Slings
 * Level 7.9 Armour
 - Level 2.2 Dodging
 - Level 1.0 Stealth
 * Level 7.7 Shields


You had 9 spell levels left.
You didn't know any spells.
Your spell library was empty.

Dungeon Overview and Level Annotations

Branches:
Dungeon (9/15)             Temple (1/1) D:5
   Lair: D:8-11         Orc: D:9-12

Altars:
Ashenzari
Cheibriados
Dithmenos
Elyvilon
Fedhas
Gozag
Hepliaklqana
Kikubaaqudgha
Makhleb
Nemelex Xobeh
Okawaru
Qazlal
Ru
Sif Muna
Trog
Uskayaw
Vehumet
Wu Jian
Xom
Yredelemnul
Zin
The Shining One

Shops:
D:1 !   D:5 !==(   D:7 [   D:9 :


Message History

You hit the two-headed ogre.
The two-headed ogre is almost dead.
The two-headed ogre is no longer covered in acid.
The two-headed ogre hits you with a +0 giant club.
You block the two-headed ogre's attack.
You hit the two-headed ogre.
The two-headed ogre is almost dead.
You block the two-headed ogre's attack.
The two-headed ogre hits you but does no damage.
You barely miss the two-headed ogre.
The two-headed ogre is almost dead.
The two-headed ogre barely misses you.
The two-headed ogre hits you with a +0 giant club!
You barely miss the two-headed ogre.
The two-headed ogre is almost dead.
The two-headed ogre hits you with a +0 giant club!!
* * * LOW HITPOINT WARNING * * *
The two-headed ogre hits you with a +0 giant club.
* * * LOW HITPOINT WARNING * * *
You closely miss the two-headed ogre.
The two-headed ogre is almost dead.
You block the two-headed ogre's attack. x2
You sock the two-headed ogre!
Your weapon exudes an aura of protection.
The two-headed ogre is almost dead.
You feel much better.
The two-headed ogre completely misses you.
The two-headed ogre hits you with a +0 giant club.
You hit the two-headed ogre but do no damage.
The two-headed ogre is almost dead.
The two-headed ogre hits you with a +0 giant club!
The two-headed ogre hits you with a +0 giant club.
* * * LOW HITPOINT WARNING * * *
You closely miss the two-headed ogre.
The two-headed ogre is almost dead.
The two-headed ogre hits you with a +0 giant club!
* * * LOW HITPOINT WARNING * * *
The two-headed ogre hits you with a +0 giant club.
You die...
Your body disappears without a glow.

######## #
.......#####.###
#.)........
#.#........
#O##O...... #@#
....... #.#
....... ..#
......$ ####
....... #######


You could see a two-headed ogre.

Vanquished Creatures
  A wyvern (D:8)
  6 yaks
  A water moccasin (D:8)
  An orc warrior (D:6)
  2 sky beasts
  A black bear (D:7)
  A hornet zombie (D:9)
  A necrophage (D:6)
  2 ogres
  4 centaurs
  2 phantoms
  A kobold brigand (D:8)
  5 scorpions
  2 wyvern zombies (D:7)
  A centaur zombie (D:6)
  3 bullfrog zombies
  6 orc priests
  4 hounds
  A jelly (D:8)
  3 iguanas
  6 orc wizards
  A hound zombie (D:5)
  3 gnolls (D:6)
  A howler monkey skeleton (D:5)
  5 adders
  2 shadow imps
  An ufetubus (D:6)
  4 worms
  A dart slug (D:3)
  21 orcs
  3 endoplasms
  3 giant cockroaches
  4 goblins
  4 hobgoblins
  6 jackals
  9 kobolds
  2 quokkas
  10 ball pythons
  3 bats
  5 frilled lizards
  4 rats
146 creatures vanquished.

Notes
Turn   | Place    | Note
-------+----------+-------------------------------------------
     0 | D:1      | seaoflcl the Human Fighter began the quest for the Orb.
     0 | D:1      | Reached XP level 1. HP: 18/18 MP: 1/1
   166 | D:1      | Found a faded altar of an unknown god.
   190 | D:1      | Reached XP level 2. HP: 24/24 MP: 2/2
   242 | D:1      | Found Xeethris's Distillery.
   921 | D:2      | Reached XP level 3. HP: 15/29 MP: 3/3
  1471 | D:2      | Reached XP level 4. HP: 32/35 MP: 4/4
  2446 | D:3      | Found a sparkling altar of Nemelex Xobeh.
  2446 | D:3      | Found a hazy altar of Hepliaklqana.
  2454 | D:3      | Became a worshipper of Nemelex Xobeh the Trickster
  2960 | D:4      | Reached XP level 5. HP: 23/41 MP: 5/5
  2975 | D:4      | Reached skill level 1 in Dodging
  3193 | D:4      | Found an ancient bone altar of Kikubaaqudgha.
  3196 | D:4      | Noticed an ogre
  3205 | D:4      | Killed an ogre
  3206 | D:4      | Reached XP level 6. HP: 30/47 MP: 6/6
  3978 | D:4      | Reached skill level 5 in Armour
  4107 | D:4      | Found a shimmering altar of Xom.
  4338 | D:5      | Entered Level 5 of the Dungeon
  4345 | D:5      | Found Gaokeul's Jewellery Boutique.
  4362 | D:5      | Reached skill level 1 in Maces & Flails
  4362 | D:5      | Reached XP level 7. HP: 11/53 MP: 7/7
  4913 | D:5      | Identified the +0 ring mail of Subjectivity {rPois rN+
                  | Dex+2}
  5006 | D:5      | Reached * piety under Nemelex Xobeh
  5011 | D:5      | Found Geckiwk's Weapon Shop.
  5057 | D:5      | Found a staircase to the Ecumenical Temple.
  5092 | D:5      | Reached XP level 8. HP: 30/60 MP: 8/8
  5148 | D:5      | Found Vubam Dil's Jewellery Emporium.
  6028 | D:6      | Received a gift from Nemelex Xobeh
  6096 | D:6      | Noticed a yak
  6099 | D:6      | Noticed a yak
  6115 | D:7      | Killed a yak
  6116 | D:7      | Reached skill level 1 in Slings
  6116 | D:7      | Reached skill level 5 in Shields
  6583 | D:7      | Identified the +5 ring mail of Lessuise {rElec rF- Str+4
                  | Int+3}
  6751 | D:7      | Reached skill level 5 in Maces & Flails
  6751 | D:7      | Reached XP level 9. HP: 44/67 MP: 9/9
  7032 | D:7      | Reached skill level 5 in Fighting
  7205 | D:7      | Found Luheotoz's Antique Armour Shop.
  7622 | D:8      | Reached ** piety under Nemelex Xobeh
  8225 | D:8      | Reached skill level 1 in Stealth
  8399 | D:8      | Found a bloodstained altar of Trog.
  9454 | D:9      | Found Fyesk's Book Shop.
  9609 | D:6      | Reached XP level 10. HP: 40/76 MP: 10/10
 10445 | Temple   | Entered the Ecumenical Temple
 10966 | D:5      | Found Edizagiu's Distillery.
 10986 | D:5      | Bought a potion of heal wounds for 60 gold pieces
 11094 | D:5      | Received a gift from Nemelex Xobeh
 11606 | D:9      | You fall into a shaft and drop 2 floors!
 11606 | D:11     | Noticed a two-headed ogre
 11630 | D:11     | Slain by a two-headed ogre

Illustrated notes

Levels and vault maps discovered:
D:1:      beargit_arrival_greenhouse, layout_loops_ring, basic_ecumenical_altar,
          serial_shops, shop
D:2:      layout_rooms
D:3:      layout_basic, gammafunk_temple_overflow_statue,
          minmay_misc_feat_rugged, minmay_misc_feat_pillars
D:4:      layout_basic, mainiacjoe_overflow_small_starburst,
          mainiacjoe_overflow_catwalk, minmay_fractal_squares_5
D:5:      layout_layer_cave, minmay_temple_entry_steel_oval, serial_shops,
          kennysheep_mini, nicolae_shop_advertising_works
          [nicolae_subvault_shop_adworks], nicolae_shop_behind_doors,
          nicolae_shop_bloodbath_and_beyond, hex_large, serial_bayou_pond_d,
          minmay_holes
D:6:      layout_rooms
D:7:      layout_cave_pools, serial_shops, nicolae_take_the_stairs,
          chequers_decorated_corner
D:8:      layout_basic, mainiacjoe_overflow_alcove_2, serial_corexii_hall,
          corexii_hall_statues_deadend, chequers_hall_statues_y
D:9:      layout_gridville, serial_shops, shop, serial_bayou_pond_d
D:11:     layout_roguey, david_orc_5, portal_ice_cave_demonic_guard, uniq_psyche
Temple:   minmay_temple_bridge_d

Skill      XL: |  1  2  3  4  5  6  7  8  9 10 |
---------------+-------------------------------+-----
Armour         | 4 5 6 7 |  7.9
Dodging        | 1 2 |  2.2
Short Blades   | 3 |  3.3
Maces & Flails | 1 3 5 6 |  6.3
Shields        | 4 5 6 7 |  7.7
Fighting       | 4 6 |  6.9
Slings         | 1 |  1.2
Stealth        | 1 |  1.0

Action                   |  1- 3 |  4- 6 |  7- 9 | 10-12 || total
-------------------------+-------+-------+-------+-------++-------
Melee: Rapier            |    14 |       |       |       ||    14
       Dagger            |    69 |   107 |       |       ||   176
       Mace              |       |    37 |   299 |   162 ||   498
 Fire: Hunting sling     |       |       |     7 |     2 ||     9
Invok: Draw Destruction  |       |       |     2 |       ||     2
Evoke: Wand              |       |       |     5 |     3 ||     8
  Use: Scroll            |       |     2 |     6 |     5 ||    13
       Potion            |       |     1 |     5 |     1 ||     7
Armor: Scale mail        |    29 |    24 |       |       ||    53
       Chain mail        |       |    48 |   187 |    77 ||   312
Dodge: Dodged            |    28 |    55 |    90 |    41 ||   214
Block: Buckler           |    12 |    20 |       |       ||    32
       Kite shield       |       |    23 |   176 |   100 ||   299
